 Dungeon Crawl Stone Soup version 0.28-a0-1032-ga8db75c868 (webtiles) character file.

Game seed: 7045128912224652386

1416 BinkBink the Slinger (level 8, -18/40 HPs)
             Began as a Spriggan Arcane Marksman on Dec 7, 2021.
             Killed from afar by Ijyb (36 damage)
             ... with a bolt of acid
             ... on level 4 of the Dungeon.
             The game lasted 00:15:46 (6356 turns).

BinkBink the Slinger (Spriggan Arcane Marksman)     Turns: 6356, Time: 00:15:46

Health: -18/40     AC: -2    Str:  6    XL:     8   Next: 43%
Magic:  11/11      EV: 19    Int: 14    God:
Gold:   276        SH:  0    Dex: 18    Spells: 8/9 levels left

rFire   . . .      SeeInvis +   c - +4 hunting sling
rCold   . . .      Faith    .   (shield restricted)
rNeg    . . .      Spirit   .   d - +0 robe
rPois   .          Reflect  .   (helmet restricted)
rElec   .          Harm     .   (no cloak)
rCorr   .          Rampage  .   (gloves unavailable)
Will    ++...                   (boots unavailable)
Stlth   ++........              j - amulet of regeneration
HPRegen 0.93/turn               t - ring of willpower
MPRegen 0.12/turn               (no ring)

@: corroded, very quick
A: very small, no large weapons, unfitting armour, see invisible, speed 3
a: no special abilities


You were on level 4 of the Dungeon.
You visited 1 branch of the dungeon, and saw 5 of its levels.

You collected 276 gold pieces.

Inventory:

Hand Weapons
 a - a +0 hunting sling
 c - a +4 hunting sling (weapon)
Missiles
 e - 15 stones (quivered ammo)
 g - 53 poisoned darts
 m - 6 sling bullets
Armour
 d - a +0 robe (worn)
Jewellery
 j - an amulet of regeneration (around neck)
 k - a ring of ice
 t - a ring of willpower (left hand)
Wands
 p - a wand of paralysis (3)
 q - a wand of polymorph (7)
Scrolls
 b - a scroll of identify
 h - 3 scrolls of teleportation
 s - a scroll of blinking
 u - a scroll of acquirement {unknown}
Potions
 f - 2 potions of curing
 i - 2 potions of heal wounds
 l - a potion of degeneration {unknown}
 n - a potion of mutation {unknown}
 o - a potion of haste
 r - a potion of invisibility {unknown}


   Skills:
 + Level 3.5 Fighting
 + Level 11.0 Slings
 + Level 3.9 Dodging
 + Level 1.3 Spellcasting
 + Level 4.3 Hexes


You had 8 spell levels left.
You knew the following spells:

 Your Spells              Type           Power      Damage    Failure   Level
a - Slow                  Hex            52%        N/A       4%          1

Your spell library contained the following spells:

 Spells                   Type           Power      Damage    Failure   Level
 Animate Skeleton         Necr           0%         N/A       26%         1
 Pain                     Necr           0%         1d4       26%         1
 Inner Flame              Hex/Fire       7%         N/A       30%         3
 Portal Projectile        Hex/Tloc       14%        N/A       30%         3
 Blink                    Tloc           0%         N/A       36%         2
 Cause Fear               Hex            6%         N/A       38%         4
 Vampiric Draining        Necr           0%         2d6       58%         3
 Manifold Assault         Tloc           0%         N/A       100%        5
 Storm Form               Tmut/Air       0%         N/A       100%        7


Dungeon Overview and Level Annotations

Branches:
Dungeon (5/15)
 Temple: D:4-7

Altars:
Elyvilon
Hepliaklqana
Kikubaaqudgha
Wu Jian

Annotations:
D:4 Ijyb


Innate Abilities, Weirdness & Mutations

You are very small and have problems with some larger weapons.
You are too small for most types of armour.
You have supernaturally acute eyesight. (SInv)
You cover ground extremely quickly. (Speed+++)


Message History

Ijyb zaps a wand.
The bolt of acid hits you!!
Ouch! That really hurt!
You see here a hound corpse.
There is a stone staircase leading up here.
You climb upwards.
There is a stone staircase leading down here.
HP restored.
Done exploring.
Things that are here:
a +1 helmet; a +0 animal skin; a +0 mace Done exploring.
(D) Dungeon
Where to? (Enter - D:4 @ (x,y), ? - help)
There is a stone staircase leading down here.
You climb downwards.
Level annotation: Ijyb
There is a stone staircase leading up here.
Ijyb is nearby!
You shoot a stone. The stone hits Ijyb.
Ijyb is lightly wounded.
You shoot a stone. The stone barely misses Ijyb.
You shoot a stone. The stone hits Ijyb.
Ijyb is lightly wounded.
You shoot a stone. The stone hits Ijyb.
Ijyb is moderately wounded.
You shoot a stone. The stone barely misses Ijyb.
You shoot a stone. The stone barely misses Ijyb.
Ijyb misses you.
You shoot a stone. The stone hits Ijyb.
Ijyb is moderately wounded.
Ijyb zaps a wand.
The bolt of acid hits you!!
Ouch! That really hurt!
The acid corrodes you!
You are too injured to fight recklessly!
Ijyb hits you with a +0 club.
You climb upwards.
There is a stone staircase leading down here.
Ijyb zaps a wand.
The bolt of acid misses you.
Ijyb zaps a wand.
The bolt of acid hits you!!!
Ouch! That really hurt!
You die...

# #..........## #....## #
#...........###.....# #
#............#....#.## #
#...............g##..## #
#...............>###..## #
#......[........## ##..##
##.............## ##..#
#........#....# #..##
##....###...@## ##..##
########...## ##..## # ##....##
#...### ### ##......### ###......
..## #.........## ##....##..
#..#### ##..........####....##...
#.....###............##...###....
......##....))...........####....
........................####.....


You could see Ijyb.

Vanquished Creatures
  The ghost of wpisznazwe the Cudgeller, a novice TrMo (D:5)
  Sigmund (D:3)
  Duvessa (D:5)
  An ice beast (D:4)
  A black bear (D:5)
  A phantom (D:5)
  A water moccasin skeleton (D:4)
  Dowan (D:5)
  3 jellies (D:3)
  An orc priest (D:3)
  3 hounds
  An orc wizard (D:3)
  Robin (D:4)
  7 adders
  A river rat (D:5)
  A white imp (D:5)
  An adder skeleton (D:4)
  A worm (D:3)
  3 dart slugs
  7 orcs
  12 endoplasms
  5 giant cockroaches
  6 hobgoblins
  14 jackals
  4 quokkas
  10 ball pythons
  9 bats
  2 frilled lizards (D:1)
  17 goblins
  14 kobolds
  4 rats
135 creatures vanquished.

Vanquished Creatures (others)
  7 fungi (D:3)
  5 toadstools (D:3)
12 creatures vanquished.

Grand Total: 147 creatures vanquished

Notes
Turn   | Place    | Note
-------+----------+-------------------------------------------
     0 | D:1      | BinkBink the Spriggan Arcane Marksman began the quest for
                  | the Orb.
     0 | D:1      | Reached XP level 1. HP: 9/9 MP: 3/3
   399 | D:1      | Reached XP level 2. HP: 14/14 MP: 5/5
   859 | D:1      | Reached skill level 3 in Slings
  1085 | D:1      | Reached XP level 3. HP: 13/17 MP: 6/6
  2011 | D:2      | Found an ornate altar of the Wu Jian Council.
  2077 | D:2      | Reached skill level 1 in Fighting
  2077 | D:2      | Reached skill level 4 in Slings
  2156 | D:2      | You fall into a shaft and drop 1 floor!
  2279 | D:2      | Reached XP level 4. HP: 22/22 MP: 7/7
  2521 | D:3      | Noticed Sigmund
  3794 | D:3      | Killed Sigmund
  3795 | D:3      | Reached skill level 6 in Slings
  3795 | D:3      | Reached XP level 5. HP: 22/26 MP: 8/8
  3816 | D:3      | Reached XP level 6. HP: 30/30 MP: 9/9
  4287 | D:3      | Reached skill level 7 in Slings
  4752 | D:4      | Found an ancient bone altar of Kikubaaqudgha.
  4752 | D:4      | Found a hazy altar of Hepliaklqana.
  4859 | D:4      | Found a white marble altar of Elyvilon.
  4874 | D:4      | Reached skill level 8 in Slings
  4874 | D:4      | Reached XP level 7. HP: 35/35 MP: 10/10
  5427 | D:4      | Noticed Robin
  5482 | D:4      | Killed Robin
  5580 | D:5      | Entered Level 5 of the Dungeon
  5624 | D:5      | Found a runed translucent door.
  5632 | D:5      | Noticed wpisznazwe's ghost (novice TrMo)
  5675 | D:5      | Found a runed translucent door.
  5961 | D:5      | Reached skill level 9 in Slings
  6038 | D:5      | Noticed Duvessa
  6053 | D:5      | Killed Duvessa
  6054 | D:5      | Reached XP level 8. HP: 40/40 MP: 11/11
  6072 | D:5      | Noticed Dowan
  6088 | D:5      | Killed Dowan
  6089 | D:5      | Reached skill level 10 in Slings
  6220 | D:5      | Killed wpisznazwe's ghost
  6280 | D:5      | Noticed Ijyb
  6298 | D:5      | Reached skill level 11 in Slings
  6356 | D:4      | Killed from afar by Ijyb

Illustrated notes

Levels and vault maps discovered:
D:1:      minmay_arrival_hallway, layout_basic
D:2:      layout_basic, basic_altar
D:3:      cheibrodos_fertilizer, layout_loops_ring, uniq_sigmund
D:4:      layout_cave_pods, gammafunk_temple_overflow_statue, elyvilon_altar_1,
          uniq_robin
D:5:      layout_basic, nemelex_diamond_rough_becter, ebering_ghost_sewer_f,
          kennysheep_generic_room_14, uniq_crazy_yiuf_cottage, uniq_duvessa,
          uniq_ijyb

Skill      XL: |  1  2  3  4  5  6  7  8 |
---------------+-------------------------+-----
Hexes          | 4 |  4.3
Dodging        | 3 |  3.9
Slings         | 3 4 6 8 9 11 | 11.0
Fighting       | 1 2 3 |  3.5
Spellcasting   | |  1.3

Action                   |  1- 3 |  4- 6 |  7- 9 || total
-------------------------+-------+-------+-------++-------
 Fire: Hunting sling     |   152 |   174 |   224 ||   550
  Use: Scroll            |       |     4 |       ||     4
Armor: Robe              |     4 |     3 |     3 ||    10
Dodge: Dodged            |    42 |    34 |    25 ||   101

Table legend: (Time is in decaauts)
 A = Elapsed time spent in this place.
 B = Non-inter-level travel time spent in this place.
 C = Inter-level travel time spent in this place.
 D = Time resting spent in this place.
 E = Time spent auto-exploring this place.
 F = Levels seen in this place.
 G = Mean time per level.
                   A        B        C        D        E       F      G
               +--------+--------+--------+--------+--------+-----+--------+
         Total |   4594 |   4352 |    242 |      0 |   3022 |   5 |  918.8 |
       Dungeon |   4594 |   4352 |    242 |      0 |   3022 |   5 |  918.8 |
               +--------+--------+--------+--------+--------+-----+--------+

Top non-repeatable levels by time:
     D:1: 1402 daAuts
     D:3: 1127 daAuts
     D:2: 837 daAuts
     D:4: 729 daAuts
     D:5: 497 daAuts
